 Dungeon Crawl Stone Soup version 0.27-a0-1202-ge72e49191c (webtiles) character file.

Game seed: 16743076793293055276

47 robertstho the Shooter (level 3, -6/21 HPs)
             Began as a Tengu Hunter on June 3, 2021.
             Mangled by a worm (9 damage)
             ... on level 2 of the Dungeon.
             The game lasted 00:02:01 (1893 turns).

robertstho the Shooter (Tengu Hunter)               Turns: 1893, Time: 00:02:04

Health: -6/21      AC:  3    Str: 13    XL:     3   Next: 70%
Magic:  4/4        EV: 12    Int: 11    God:
Gold:   57         SH:  0    Dex: 14    Spells: 2/2 levels left

rFire    + . .     SeeInvis .   a - +1 shortbow
rCold    . . .     Faith    .   (shield currently unavailable)
rNeg     . . .     Spirit   .   c - +0 leather armour
rPois    .         Reflect  .   (helmet restricted)
rElec    .         Harm     .   (no cloak)
rCorr    .         Rampage  .   (no gloves)
Will     .....                  (boots unavailable)
Stlth    +.........             (no amulet)
HPRegen  0.07/turn              e - ring of protection from fire
MPRegen  0.09/turn              (no ring)

@: no status effects
A: beak, talons 3
a: no special abilities


You were on level 2 of the Dungeon.
You visited 1 branch of the dungeon, and saw 2 of its levels.

You collected 57 gold pieces.

Inventory:

Hand Weapons
 a - a +1 shortbow (weapon)
 i - a +3 long sword
Missiles
 d - 3 arrows (quivered ammo)
Armour
 c - a +0 leather armour (worn)
Jewellery
 e - a ring of protection from fire (left hand)
Scrolls
 f - a scroll of vulnerability {unknown}
 h - a scroll of identify {unknown}
Potions
 g - a potion of might {unknown}


   Skills:
 * Level 2.1 Fighting
 * Level 5.4 Bows
 * Level 1.4 Armour
 + Level 2.1 Dodging
 + Level 1.0 Stealth


You had 2 spell levels left.
You didn't know any spells.
Your spell library was empty.

Dungeon Overview and Level Annotations

Branches:
Dungeon (2/15)

Altars:


Innate Abilities, Weirdness & Mutations

You have a beak for a mouth.
You have claws for feet.


Message History

You see here a bat corpse.
A worm comes into view.
Found a stone staircase leading down.
A worm is nearby!
A worm is nearby!
A worm is nearby!
A worm is nearby!
A worm is nearby!
You shoot an arrow. The arrow barely misses the worm.
You shoot an arrow. The arrow hits the worm!
The worm is heavily wounded.
You shoot an arrow. The arrow hits the worm.
The worm is severely wounded.
You shoot an arrow. The arrow hits the worm.
The worm is severely wounded.
You shoot an arrow. The arrow hits the worm.
The worm is severely wounded.
You shoot an arrow. The arrow barely misses the worm.
You shoot an arrow. The arrow hits the worm.
The worm is almost dead.
You shoot an arrow. The arrow hits the worm.
The worm is almost dead.
The worm bites you!
You shoot an arrow. The arrow hits the worm.
The worm is almost dead.
The worm bites you.
You shoot an arrow. The arrow hits the worm.
The worm is almost dead.
You shoot an arrow. The arrow barely misses the worm.
The worm bites you!
* * * LOW HITPOINT WARNING * * *
You are too injured to fight recklessly!
You are too injured to fight recklessly!
You are too injured to fight recklessly!
You are too injured to fight recklessly!
Fire: 4 arrows
Press: ? - help, Q - select action Shift-Dir - straight line, f/p - worm
Aim: a worm (almost dead, 80% to hit)
You shoot an arrow. The arrow barely misses the worm.
The worm bites you!
You die...

#.....#.###.### #.##
#...#.###.########.##
#....................
#..##.###.########<..
>###..##.###.##.....)...
............>##.########
.##..........# #
........†....# #
.......@#..### #
.##.#..w#..# #
#.#.(##..# # # #.. #...
# #(( #.### # #.( .. ##.
[. #.


You could see a worm.

Vanquished Creatures
  4 bats
  3 endoplasms (D:1)
  3 giant cockroaches
  4 goblins (D:1)
  3 hobgoblins
  13 jackals
  A quokka (D:1)
  4 frilled lizards (D:1)
  A kobold (D:1)
  3 rats (D:1)
39 creatures vanquished.

Notes
Turn   | Place    | Note
-------+----------+-------------------------------------------
     0 | D:1      | robertstho the Tengu Hunter began the quest for the Orb.
     0 | D:1      | Reached XP level 1. HP: 12/12 MP: 2/2
   145 | D:1      | Reached XP level 2. HP: 4/17 MP: 3/3
   655 | D:1      | Reached skill level 5 in Bows
   656 | D:1      | Reached skill level 1 in Armour
   673 | D:1      | Found a faded altar of an unknown god.
   801 | D:1      | Reached XP level 3. HP: 21/21 MP: 4/4
  1893 | D:2      | Mangled by a worm

Illustrated notes

Levels and vault maps discovered:
D:1:      minmay_arrival_wavy_path, layout_basic, serial_co_window_serial,
          co_window_paths_b, co_window_of_opportunity_a, co_window_paths_b,
          co_window_corner_a, co_window_corner_a, co_window_2corner,
          co_window_paths_c, co_window_broadway_c, co_window_corner_b,
          co_window_paths_d, co_window_4corner_a, glass_columns_a,
          glass_columns_b, glass_columns_a, glass_columns_b,
          shapermc_ecumenical_altar_flowoftime
D:2:      layout_loops_ring

Skill      XL: |  1  2 |
---------------+-------+-----
Bows           | 5 |  5.4
Armour         | 1 |  1.4
Fighting       | |  2.1
Dodging        | |  2.1
Stealth        | |  1.0

Action                   || total
-------------------------++-------
 Fire: Shortbow          ||   103
Armor: Leather armour    ||     6
Dodge: Dodged            ||    26

Table legend: (Time is in decaauts)
 A = Elapsed time spent in this place.
 B = Non-inter-level travel time spent in this place.
 C = Inter-level travel time spent in this place.
 D = Time resting spent in this place.
 E = Time spent auto-exploring this place.
 F = Levels seen in this place.
 G = Mean time per level.
                   A        B        C        D        E       F      G
               +--------+--------+--------+--------+--------+-----+--------+
         Total |   1897 |   1798 |     99 |      0 |   1621 |   2 |  948.5 |
       Dungeon |   1897 |   1798 |     99 |      0 |   1621 |   2 |  948.5 |
               +--------+--------+--------+--------+--------+-----+--------+

Top non-repeatable levels by time:
     D:1: 1741 daAuts
     D:2: 155 daAuts
